 Dungeon Crawl Stone Soup version 0.30.1-11-g7821555f0a (webtiles) character file.

Game seed: 9598979092227230797

68210 bnorton916 the Eclecticist (level 14, 0/80 HPs)
             Began as a Deep Elf Conjurer on Jan 7, 2024.
             Was an Initiate of Gozag.
             Slain by a stone giant (36 damage)
             ... on level 15 of the Dungeon.
             The game lasted 01:18:39 (38389 turns).

bnorton916 the Eclecticist (Deep Elf Conjurer)     Turns: 38389, Time: 01:18:40

Health: 0/80       AC: 14    Str: 13    XL:     14   Next: 85%
Magic:  16/37      EV: 14    Int: 33    God:    Gozag
Gold:   3092       SH:  0    Dex: 15    Spells: 25/47 levels left

rFire   + + +        k - staff of conjuration
rCold   + . .        (no shield)
rNeg    + . .        I - +2 robe {rC+ rF+}
rPois   .            r - +1 helmet "Inugeofoi" {rN+ Dex+2}
rElec   +            T - +0 cloak
rCorr   .            Z - +2 pair of gloves {Str+3}
SInv    .            e - +1 pair of boots
Will    +++..        S - amulet of the acrobat
Stlth   +++          X - ring of Departure {+Blink rElec Will++ Int+6}
HPRegen 0.33/turn    t - ring "Askok" {Wiz rF++ Str+4 Slay+3 Stlth+}
MPRegen 0.25/turn

%: acrobat, wizardry (x1)
@: no status effects
A: no striking features
a: Renounce Religion, Evoke Blink, Potion Petition, Call Merchant, Bribe Branch


You were on level 15 of the Dungeon.
You worshipped Gozag.
Gozag was most pleased with you.
You visited 5 branches of the dungeon, and saw 24 of its levels.

You collected 7404 gold pieces.
You spent 3521 gold pieces at shops.
You paid 791 gold pieces to Gozag.

Inventory:

Hand Weapons
 a - a +5 short sword
Missiles
 m - 31 poisoned darts
 W - 8 curare-tipped darts (quivered)
Armour
 e - a +1 pair of boots (worn)
 j - a +2 helmet
 r - the +1 helmet "Inugeofoi" (worn) {rN+ Dex+2}
   (You found it on level 5 of the Lair of Beasts)

   Dex:       It affects your dexterity (+2).
   rN:        It protects you from negative energy.
 u - the +1 helmet "Syirchyuv" {Fly rC+ rN+++ Dex-2}
   (You found it on level 5 of the Lair of Beasts)

   Dex:       It affects your dexterity (-2).
   rC:        It protects you from cold.
   rN:        It renders you almost immune to negative energy.
   Fly:       It grants you flight.
 G - a +2 leather armour of fire resistance
 I - a +2 robe of resistance (worn)
 Q - a +2 kite shield of fire resistance
 T - a +0 cloak (worn)
 Z - a +2 pair of gloves of strength (worn)
Magical Staves
 k - a staff of conjuration (weapon)
 V - the staff of poison "Niaruem" {Drain rPois rF+ Int+4}
   (You found it on level 2 of the Lair of Beasts)

   [staff of poison]

   Base accuracy: +5 Base damage: 5 Base attack delay: 1.2 This weapon's minimum
   attack delay (0.6) is reached at skill level 12.
   Int:       It affects your intelligence (+4).
   rF:        It protects you from fire.
   rPois:     It protects you from poison.
   Drain:     It drains your maximum health when unequipped.
   It falls into the 'Staves' category.
   It is a one-handed weapon.
Jewellery
 t - the ring "Askok" (right hand) {Wiz rF++ Str+4 Slay+3 Stlth+}
   (You acquired it on level 14 of the Dungeon)

   [ring of wizardry]

   It improves your spell success rate.
   Str:       It affects your strength (+4).
   Slay:      It affects your accuracy & damage with ranged weapons and melee
   (+3).
   rF:        It greatly protects you from fire.
   Stlth:     It makes you more stealthy.
 K - a ring of positive energy
 L - a ring of ice
 S - an amulet of the acrobat (around neck)
 X - the ring of Departure (left hand) {+Blink rElec Will++ Int+6}
   (You bought it in a shop on level 10 of the Dungeon)

   [ring of intelligence]

   Int:       It affects your intelligence (+6).
   rElec:     It insulates you from electricity.
   +Blink:    It lets you blink.
   Will:      It greatly increases your willpower.
 Y - a +6 ring of intelligence
Wands
 b - a wand of polymorph (11)
 h - a wand of charming (6)
 q - a wand of light (15)
 J - a wand of flame (23)
 N - a wand of digging (4)
Scrolls
 c - 2 scrolls of brand weapon
 d - 3 scrolls of teleportation
 f - 7 scrolls of enchant weapon
 g - a scroll of magic mapping
 i - 3 scrolls of blinking
 n - 2 scrolls of silence
 x - 5 scrolls of noise
 y - 4 scrolls of poison
 A - 2 scrolls of amnesia
 B - 2 scrolls of vulnerability
 D - a scroll of fear
 H - 4 scrolls of enchant armour
 R - a scroll of fog
Potions
 l - 9 potions of heal wounds
 o - 7 potions of curing
 p - 2 potions of lignification
 s - a potion of flight
 v - a potion of resistance
 z - 3 potions of cancellation
 C - 4 potions of attraction
 E - 4 potions of berserk rage
 M - 4 potions of brilliance
 O - 2 potions of haste
 P - a potion of magic
 U - 2 potions of might
Miscellaneous
 w - a piece from Xom's chessboard (15/15)


   Skills:
 - Level 6.0 Fighting
 + Level 7.5 Armour
 - Level 6.0 Dodging
 - Level 2.4 Stealth
 - Level 17.0 Spellcasting
 - Level 14.9 Conjurations
 - Level 7.1 Hexes
 - Level 6.0 Translocations
 - Level 14.0 Ice Magic


You had 25 spell levels left.
You knew the following spells:

 Your Spells              Type           Power      Damage    Failure   Level
a - Magic Dart            Conj           100%       1d8       0%          1
b - Searing Ray           Conj           100%       2d8       0%          2
c - Iskenderun's Mystic   Conj/Tloc      98%        2d19      1%          4
d - Fulminant Prism       Conj/Hex       50%        3d23      1%          4
e - Ozocubu's Refrigerat  Ice            44%        4d17      1%          7
f - Summon Ice Beast      Ice/Summ       65%        N/A       1%          4

Your spell library contained the following spells:

 Spells                   Type           Power      Damage    Failure   Level
 Kiss of Death            Conj/Necr      100%       2d13      1%          1
 Blink                    Tloc           100%       N/A       1%          2
 Ensorcelled Hibernation  Hex/Ice        100%       N/A       1%          2
 Lesser Beckoning         Tloc           100%       N/A       1%          2
 Momentum Strike          Conj/Tloc      100%       3d10      1%          2
 Passwall                 Tmut/Erth      23%        N/A       1%          2
 Confusing Touch          Hex            66%        N/A       1%          3
 Dazzling Flash           Conj/Hex       100%       N/A       1%          3
 Inner Flame              Hex/Fire       51%        N/A       1%          3
 Swiftness                Air            28%        N/A       1%          3
 Vhi's Electric Charge    Tloc/Air       96%        N/A       1%          3
 Volatile Blastmotes      Fire/Tloc      96%        2d18      1%          3
 Flame Wave               Conj/Fire      86%        2d18      1%          4
 Ice Form                 Ice/Tmut       65%        N/A       1%          4
 Passage of Golubria      Tloc           61%        N/A       1%          4
 Sticky Flame             Conj/Fire      86%        2d10      1%          4
 Arcjolt                  Conj/Air       43%        1d53      1%          5
 Silence                  Hex/Air        25%        N/A       3%          5
 Dispel Undead            Necr           28%        3d13      6%          4
 Borgnjor's Vile Clutch   Necr/Erth      14%        N/A       16%         5
 Lee's Rapid Deconstruct  Erth           14%        3d9*      16%         5
 Death Channel            Necr           14%        N/A       61%         6
 Plasma Beam              Fire/Air       14%        2x1d27    61%         6
 Lehudib's Crystal Spear  Conj/Erth      43%        10d10     82%         8
 Maxwell's Capacitive Co  Air            14%        ∞         100%        8
 Animate Dead             Necr           Unusable   N/A       N/A         4

Dungeon Overview and Level Annotations

Branches:
Dungeon (15/15)            Temple (1/1) D:5            Lair (5/5) D:11
 Shoals (0/4) Lair:2       Spider (0/4) Lair:3        Slime (0/5) Lair:4
    Orc (2/2) D:10            Elf (1/3) Orc:2        Vaults (0/5) D:13
 Depths (0/4) D:15

Altars:
Ashenzari
Cheibriados
Dithmenos
Elyvilon
Fedhas
Gozag
Hepliaklqana
Kikubaaqudgha
Makhleb
Nemelex Xobeh
Okawaru
Qazlal
Ru
Sif Muna
Trog
Uskayaw
Vehumet
Wu Jian
Xom
Yredelemnul
Zin
The Shining One
Jiyva

Shops:
D:2 :[[=   D:8 *   D:9 (   D:10 =   Orc:1 *   Orc:2 [=(*   Lair:1 [

Portals:
Trove: D:13 (give +6 demon whip)

Annotations:
Lair:1 3 runed translucent doors, ZoaN's ghost, journeyman MiFi


Message History

A stone giant comes into view.
The stone giant shouts!
The stone giant throws a large rock.
The large rock completely misses you.
Found a staircase to the Depths.
Unknown command.
You close the door.
A stone giant breaks down the door.
Casting: Ozocubu's Refrigeration (dangerous; 1% risk of failure)
Confirm with . or Enter, or press ? or * to list all spells.
You feel a surge of power!
You erupt in a blast of force!
The mystic blast hits the stone giant.
The stone giant is lightly wounded.
The stone giant is knocked back by the mystic blast.
Unknown command.
Casting: Iskenderun's Mystic Blast (safe; 1% risk of failure)
Confirm with . or Enter, or press ? or * to list all spells.
The heat is drained from your surroundings.
The stone giant is moderately wounded.
You hear a shout!
Unknown command.
Casting: Ozocubu's Refrigeration (dangerous; 1% risk of failure)
Confirm with . or Enter, or press ? or * to list all spells.
Okay, then.
Unknown command.
Casting: Ozocubu's Refrigeration (dangerous; 1% risk of failure)
Confirm with . or Enter, or press ? or * to list all spells.
You feel a surge of power!
You erupt in a blast of force!
The mystic blast hits the stone giant!
The stone giant is moderately wounded.
The stone giant is knocked back by the mystic blast.
The stone giant throws a large rock.
The large rock hits you!!!
Ouch! That really hurt!
A tengu warrior comes into view. It is wielding a +0 arbalest.
Casting: Iskenderun's Mystic Blast (safe; 1% risk of failure)
Confirm with . or Enter, or press ? or * to list all spells.
The heat is drained from your surroundings.
The stone giant is heavily wounded.
The tengu warrior is heavily wounded.
The stone giant hits you!!!
You die...
Your body crumbles into a pile of gold.

#######.##.####
#.......##.#
####'#####.##.#
#≈≈...≈≈##.##.#
#≈..#..≈##.##.#
#.#.#.#.##.##.#
#.≈.≈.≈.##.##.#
#.≈...≈.#.....#
#@≈...≈.#..####
#C##+##.#..#
#.# ..#.#..# $
#Q#.C.# #..#
#)'...+
#..######
#######
#...(...#
#.c.....#
#.......#
#.......#


You could see a stone giant and a tengu warrior.

Vanquished Creatures
  An orc warlord (Orc:2)
  An ettin (Orc:1)
  5 vault guards (D:13)
  Erolcha (D:12)
  6 hydras
  7 centaur warriors
  5 two-headed ogres
  2 boulder beetles
  2 tengu warriors
  Sonja (Lair:4)
  4 orc high priests (Orc:2)
  Nergalle (D:12)
  3 skeletal warriors (D:14)
  Pikel (D:5)
  2 orc knights (Orc:2)
  2 wizards
  6 orc sorcerers
  4 cyclopes
  6 ugly things
  3 black mambas
  Maurice (D:10)
  A gargoyle (D:13)
  Psyche (D:8)
  8 cane toads
  3 unseen horrors
  Maggie (D:7)
  5 kobold demonologists
  5 komodo dragons
  5 trolls
  8 polar bears
  Prince Ribbit (D:7)
  7 hornets
  A jumping spider (Lair:3)
  Sigmund (D:2)
  10 slime creatures
  A shadow (D:11)
  4 vampires
  10 spriggans (Lair:5)
  6 wraiths
  Eustachio (D:6)
  5 wyverns
  22 yaks
  A basilisk (Lair:3)
  Grum (D:10)
  6 vampire mosquitoes
  5 wargs
  2 acid dragons
  14 water moccasins
  23 orc warriors
  Duvessa (D:7)
  4 ice beasts
  4 black bears
  8 ogres
  19 centaurs
  9 boggarts
  29 wolves
  2 lemures (D:5)
  4 kobold brigands
  11 bullfrogs
  2 gnoll sergeants
  4 scorpions
  12 wights
  Dowan (D:7)
  4 killer bees (D:8)
  5 howler monkeys
  3 hounds
  A gnoll bouda (D:5)
  21 orc priests
  2 sleepcaps
  4 iguanas
  22 orc wizards
  17 gnolls
  8 adders
  An ufetubus (D:5)
  2 worms
  4 dart slugs
  75 orcs
  6 ball pythons
  4 endoplasms
  4 giant cockroaches
  7 goblins
  9 hobgoblins
  2 jackals (D:1)
  4 quokkas
  7 bats
  3 frilled lizards
  15 kobolds
  7 rats
569 creatures vanquished.

Vanquished Creatures (others)
  98 fulminant prisms
98 creatures vanquished.

Grand Total: 667 creatures vanquished

Notes
Turn   | Place    | Note
-------+----------+-------------------------------------------
     0 | D:1      | bnorton916 the Deep Elf Conjurer began the quest for the
                  | Orb.
     0 | D:1      | Reached XP level 1. HP: 10/10 MP: 6/6
   159 | D:1      | Reached XP level 2. HP: 15/15 MP: 4/8
   198 | D:1      | Learned a level 2 spell: Searing Ray
   710 | D:1      | Reached skill level 4 in Spellcasting
   931 | D:1      | Reached skill level 5 in Conjurations
   931 | D:1      | Reached XP level 3. HP: 19/19 MP: 7/10
  1310 | D:2      | Found Tydog's Jewellery Shoppe.
  1461 | D:2      | Found an iron altar of Okawaru.
  1535 | D:2      | Reached XP level 4. HP: 11/24 MP: 6/12
  1555 | D:2      | Learned a level 4 spell: Fulminant Prism
  1560 | D:2      | Learned a level 4 spell: Iskenderun's Mystic Blast
  1832 | D:2      | Found Yfrypuob's Antique Armour Shop.
  1913 | D:2      | Noticed Sigmund
  1916 | D:2      | Reached skill level 5 in Spellcasting
  1965 | D:2      | Killed Sigmund
  1966 | D:2      | Reached XP level 5. HP: 2/28 MP: 5/15
  2149 | D:2      | Found Teinac's Book Shop.
  2260 | D:2      | Found Mosomob's Armour Boutique.
  2313 | D:2      | Reached XP level 6. HP: 32/32 MP: 14/16
  3059 | D:3      | Found a faded altar of an unknown god.
  3324 | D:3      | Found Curocaufint's Distillery.
  3423 | D:3      | Reached skill level 6 in Spellcasting
  3653 | D:4      | You fall into a shaft and drop 3 floors!
  3685 | D:7      | Noticed Duvessa
  3821 | D:8      | Found Pemiarch's Elemental Accessories.
  3840 | D:8      | Noticed Psyche
  3972 | D:8      | Reached XP level 7. HP: 36/36 MP: 10/18
  4738 | D:6      | Noticed Eustachio
  4803 | D:6      | Reached skill level 7 in Spellcasting
  4949 | D:6      | Reached skill level 5 in Hexes
  4967 | D:6      | Reached XP level 8. HP: 41/41 MP: 1/21
  5280 | D:5      | Entered Level 5 of the Dungeon
  5280 | D:5      | Noticed Pikel
  5287 | D:5      | Killed Pikel
  5288 | D:5      | Reached skill level 8 in Spellcasting
  5288 | D:5      | Reached skill level 5 in Translocations
  5615 | D:5      | Found a staircase to the Ecumenical Temple.
  5630 | Temple   | Entered the Ecumenical Temple
  5961 | Temple   | Became a worshipper of Gozag Ym Sagoz the Greedy
  6525 | D:5      | Reached XP level 9. HP: 45/45 MP: 18/23
  7048 | D:4      | Reached skill level 9 in Spellcasting
  7685 | D:6      | Reached skill level 1 in Armour
  8027 | D:6      | Killed Eustachio
  8429 | D:7      | Reached skill level 10 in Spellcasting
  8727 | D:7      | Killed Duvessa
  8730 | D:7      | Noticed Dowan
  8927 | D:7      | Killed Dowan
  9268 | D:7      | Noticed Maggie
  9277 | D:7      | Killed Maggie
  9288 | D:7      | Reached XP level 10. HP: 42/50 MP: 12/26
  9484 | D:7      | Noticed Prince Ribbit
  9491 | D:7      | Killed Prince Ribbit
  9671 | D:7      | Reached skill level 11 in Spellcasting
  9671 | D:7      | Reached skill level 10 in Conjurations
 10159 | D:8      | Identified a scroll of acquirement
 10160 | D:8      | Acquired 435 gold pieces
 10916 | D:8      | Identified the +1 scale mail "Xoxeh" {Contam Regen+ Slay+4
                  | Stlth+}
 11388 | D:3      | Bought a potion of heal wounds for 65 gold pieces
 11388 | D:3      | Bought a potion of haste for 130 gold pieces
 11388 | D:3      | Bought 2 potions of curing for 78 gold pieces
 11388 | D:3      | Bought a potion of magic for 104 gold pieces
 11388 | D:3      | Bought a potion of heal wounds for 65 gold pieces
 11388 | D:3      | Bought a potion of heal wounds for 65 gold pieces
 11388 | D:3      | Bought a potion of heal wounds for 65 gold pieces
 11546 | D:8      | Killed Psyche
 11861 | D:8      | Bought the Tome of Glaciation for 504 gold pieces
 11869 | D:8      | Learned a level 7 spell: Ozocubu's Refrigeration
 12002 | D:9      | Reached skill level 1 in Ice Magic
 12308 | D:9      | Reached skill level 12 in Spellcasting
 12603 | D:9      | Found a shimmering altar of Xom.
 12617 | D:9      | Found Iwkecuma's Weapon Boutique.
 13572 | D:10     | Entered Level 10 of the Dungeon
 13979 | D:10     | Reached XP level 11. HP: 54/54 MP: 19/29
 14370 | D:10     | Reached skill level 13 in Spellcasting
 14449 | D:10     | Found a staircase to the Orcish Mines.
 14665 | D:10     | Found Nary's Jewellery Boutique.
 14673 | D:10     | Bought an amulet of the acrobat for 450 gold pieces
 14692 | D:10     | Noticed a two-headed ogre
 14705 | D:10     | Killed a two-headed ogre
 14706 | D:10     | Reached skill level 5 in Ice Magic
 14977 | D:10     | Noticed Grum
 15000 | D:10     | Killed Grum
 15209 | D:10     | Noticed Maurice
 15225 | D:10     | Killed Maurice
 16301 | D:11     | Found a staircase to the Lair.
 16310 | D:11     | Reached skill level 14 in Spellcasting
 16527 | Lair:1   | Entered Level 1 of the Lair of Beasts
 16851 | D:11     | Noticed a two-headed ogre
 16869 | D:11     | Killed a two-headed ogre
 17782 | Lair:1   | Found a runed translucent gate.
 17783 | Lair:1   | Found a runed translucent gate.
 17784 | Lair:1   | Found a runed translucent gate.
 17786 | Lair:1   | Noticed a nine-headed hydra
 17787 | Lair:1   | Noticed ZoaN's ghost (journeyman MiFi)
 17787 | Lair:1   | Noticed a 12-headed hydra
 18710 | Lair:2   | Reached XP level 12. HP: 59/59 MP: 20/32
 19376 | Lair:2   | Found a dark tunnel.
 19480 | Lair:2   | Reached skill level 15 in Spellcasting
 19609 | Lair:2   | Found a staircase to the Shoals.
 19618 | Lair:2   | Noticed a boulder beetle
 19680 | Lair:2   | Killed a boulder beetle
 20047 | Lair:2   | Identified the staff of poison "Niaruem" {Drain rPois rF+
                  | Int+4}
 20362 | D:10     | Bought the ring of Departure {+Blink rElec Will++ Int+6}
                  | for 1065 gold pieces
 20623 | Lair:3   | Found a hole to the Spider Nest.
 20896 | Lair:3   | Noticed an eight-headed hydra
 20907 | Lair:3   | Killed an eight-headed hydra
 21156 | Lair:4   | Found a staircase to the Slime Pits.
 21156 | Lair:4   | Found a viscous altar of Jiyva.
 21168 | Lair:4   | Noticed a seven-headed hydra
 21180 | Lair:4   | Killed a seven-headed hydra
 21515 | Lair:4   | Noticed Sonja
 21519 | Lair:4   | Killed Sonja
 21585 | Lair:4   | You fall into a shaft and drop 1 floor!
 21585 | Lair:5   | Entered Level 5 of the Lair of Beasts
 21585 | Lair:5   | Noticed a five-headed hydra
 22458 | Lair:5   | Reached skill level 16 in Spellcasting
 23004 | Lair:5   | Reached skill level 10 in Ice Magic
 23129 | Lair:5   | Noticed a five-headed hydra
 23895 | Lair:5   | Noticed a five-headed hydra
 23900 | Lair:5   | Killed a five-headed hydra
 23901 | Lair:5   | Reached XP level 13. HP: 61/63 MP: 21/35
 25856 | Lair:5   | Reached skill level 17 in Spellcasting
 26116 | Lair:5   | Identified the +1 helmet "Inugeofoi" {rN+ Dex+2}
 26121 | Lair:5   | Identified the +1 helmet "Syirchyuv" {Fly rC+ rN+++ Dex-2}
 26728 | Orc:1    | Entered Level 1 of the Orcish Mines
 27258 | Orc:2    | Entered Level 2 of the Orcish Mines
 27597 | Orc:1    | Noticed an ettin
 27609 | Orc:1    | Killed an ettin
 28349 | Orc:1    | Found Ebeimir's Assorted Antiques.
 28354 | Orc:1    | Bought a scroll of identify for 60 gold pieces
 28354 | Orc:1    | Bought a scroll of enchant armour for 225 gold pieces
 28354 | Orc:1    | Bought a pair of runed gloves for 225 gold pieces
 28790 | Orc:2    | Reached skill level 5 in Dodging
 28953 | Orc:2    | Noticed an orc warlord
 29716 | Orc:2    | Found Xidesab's Jewellery Boutique.
 30058 | Orc:2    | Killed an orc warlord
 30334 | Orc:2    | Found Riahu's Antique Armour Boutique.
 30725 | Orc:2    | Found a staircase to the Elven Halls.
 30751 | Orc:2    | Found Wyfia's Antique Weapon Boutique.
 30786 | Elf:1    | Entered Level 1 of the Elven Halls
 30873 | Orc:2    | Found Saomira's General Store.
 31199 | Orc:2    | Bought a potion of haste for 140 gold pieces
 31199 | Orc:2    | Bought a potion of curing for 42 gold pieces
 31199 | Orc:2    | Bought a scroll of enchant armour for 105 gold pieces
 31199 | Orc:2    | Bought a scroll of enchant armour for 105 gold pieces
 31199 | Orc:2    | Bought a scroll of identify for 28 gold pieces
 31681 | D:12     | Noticed Erolcha
 31691 | D:12     | Killed Erolcha
 31941 | D:12     | Noticed Nergalle
 31945 | D:12     | Killed Nergalle
 31946 | D:12     | Reached XP level 14. HP: 68/68 MP: 26/37
 32600 | D:12     | Identified the +2 long sword of Onlioloest {heavy, Int+4
                  | Stlth+}
 32847 | D:13     | Reached skill level 5 in Armour
 33032 | D:13     | Found a gate to the Vaults.
 33219 | D:13     | Learned a level 4 spell: Summon Ice Beast
 34534 | D:13     | Reached skill level 1 in Fighting
 35156 | D:13     | Found a portal to a secret trove of treasure.
 35809 | D:14     | Found a radiant altar of Vehumet.
 36123 | D:14     | Acquired the ring "Askok" {Wiz rF++ Str+4 Slay+3 Stlth+}
 36129 | D:14     | Acquired 801 gold pieces
 36984 | D:14     | Reached skill level 5 in Fighting
 37820 | D:15     | Entered Level 15 of the Dungeon
 38378 | D:15     | Found a staircase to the Depths.
 38378 | D:15     | Noticed a stone giant
 38389 | D:15     | Slain by a stone giant

Illustrated notes

Levels and vault maps discovered:
D:1:      co_arrival_square_in_a_square_in_a_square, layout_basic
D:2:      layout_loops_ring, basic_altar, serial_shops, shop, shop, shop, shop,
          uniq_sigmund
D:3:      layout_loops_ring, serial_shops, shop,
          dreamdust_ecumenical_altar_angels_and_demons
D:4:      layout_gridville
D:5:      layout_basic, temple_pool_b, uniq_pikel
D:6:      layout_basic, uniq_eustachio
D:7:      layout_cave_pools, uniq_prince_ribbit1, uniq_maggie, uniq_duvessa
D:8:      layout_gridville, grunt_ministairs_9, nicolae_elemental_shop,
          uniq_psyche
D:9:      layout_irregular_city, xom_teletrap_fun, serial_shops,
          nicolae_shop_scrapyard
D:10:     layout_gridville, orc_david_3, serial_shops,
          nicolae_shop_just_a_little_nook, uniq_maurice, uniq_grum
D:11:     layout_rooms, erik_lair_orcish_takeover
D:12:     layout_loops_ring, uniq_nergalle, uniq_erolcha
D:13:     layout_irregular_city, lightli_vaults_fourway_checkpoint,
          enter_trove_5
D:14:     layout_roguey, nicolae_vehumet_radiance
D:15:     grunt_enter_depths_snipers, layout_basic
Temple:   roderic_octagonal_lattice_temple
Lair:1:   layout_small_grid, gammafunk_ghost_hydra_chop,
          chequers_serial_rivers_marsh, wad_woods_03,
          infiniplex_staircase_pool_2
Lair:2:   layout_regular_city, elwin_shoals_entry_rocks,
          nicolae_volcano_entry_hallway, grunt_megastairs_4
Lair:3:   layout_roguey, spider_nest_entry_rubble, serial_bayou_crossing,
          infiniplex_staircase_pool
Lair:4:   layout_roguey, slime_entry_1, uniq_sonja
Lair:5:   minmay_lair_end_enchanted_forest, layout_regular_city
Orc:1:    layout_caves, serial_shops, nicolae_square_shop, basic_altar
Orc:2:    grunt_orc_gardens, layout_diamond_mine, grunt_orc_garden,
          grunt_orc_garden, grunt_orc_garden, grunt_orc_garden
Elf:1:    eino_elf_arrival_customs, layout_geoelf_diagonals, serial_shops, shop,
          hangedman_corner_corridor, orc_legates

Skill      XL: |  1  2  3  4  5  6  7  8  9 10 11 12 13 14 |
---------------+-------------------------------------------+-----
Spellcasting   | 4 5 6 7 8 10 12 14 16 17 | 17.0
Conjurations   | 5 6 7 8 9 11 13 14 | 14.9
Hexes          | 2 3 5 7 |  7.1
Translocations | 2 3 4 5 6 |  6.0
Armour         | 3 4 7 |  7.5
Ice Magic      | 4 7 10 13 14 | 14.0
Dodging        | 6 |  6.0
Fighting       | 6 |  6.0
Stealth        | |  2.4

Action                     |  1- 3 |  4- 6 |  7- 9 | 10-12 | 13-15 || total
---------------------------+-------+-------+-------+-------+-------++-------
  Melee: Staff             |       |       |       |    13 |     7 ||    20
         Punch             |       |       |       |       |     1 ||     1
   Cast: Magic Dart        |    61 |    94 |    77 |   131 |    99 ||   462
         Searing Ray       |     2 |    13 |    47 |    87 |    50 ||   199
         Fulminant Prism   |       |     4 |    10 |    63 |    21 ||    98
         Iskenderun's Myst |       |     3 |     9 |   130 |    82 ||   224
         Ozocubu's Refrige |       |       |       |       |   134 ||   134
 Invoke: Call Merchant     |       |       |       |       |     1 ||     1
  Evoke: Wand              |       |       |       |    15 |       ||    15
    Use: Potion            |       |     5 |       |     2 |       ||     7
         Scroll            |       |     4 |     2 |    18 |    10 ||    34
 Armour: Robe              |       |     3 |    11 |    75 |    45 ||   134
         Skin              |       |       |       |     1 |       ||     1
  Dodge: Dodged            |     4 |    15 |    21 |   171 |   150 ||   361
